 Dungeon Crawl Stone Soup version 0.27.0-1-g7a089689b8 (webtiles) character file.

Game seed: 1752224280534609132

218 SnakkuSnakku7 the Vexing (level 5, -2/35 HPs)
             Began as a Vampire Hedge Wizard on Aug 14, 2021.
             Slain by a kobold (3 damage)
             ... in a sewer.
             The game lasted 00:05:58 (2950 turns).

SnakkuSnakku7 the Vexing (Vampire Hedge Wizard)     Turns: 2950, Time: 00:05:59

Health: -2/35      AC:  3    Str: 12    XL:     5   Next: 63%
Magic:  9/9        EV: 12    Int: 17    God:
Gold:   88         SH:  0    Dex: 13    Spells: 7/10 levels left

rFire    . . .     SeeInvis +   f - +1 long sword (spect)
rCold    . . .     Faith    .   (no shield)
rNeg     . . .     Spirit   .   b - +0 robe
rPois    .         Reflect  .   c - +1 hat
rElec    .         Harm     .   (no cloak)
rCorr    .         Rampage  .   (no gloves)
Will     .....                  (no boots)
Stlth    ++........             (no amulet)
HPRegen  0.31/turn              o - ring of wizardry
MPRegen  0.11/turn              (no ring)

@: weak-willed, healing quickly, slowed, very slow
A: alive, fangs 3, see invisible, vampiric 2, strong 1
a: Exsanguinate


You were in a sewer.
You visited 1 branch of the dungeon, and saw 4 of its levels.
You also visited: Sewer.

You collected 88 gold pieces.

Inventory:

Hand Weapons
 a - a +0 dagger
 f - a +1 spectral long sword (weapon)
Missiles
 d - 10 poisoned darts (quivered)
Armour
 b - a +0 robe (worn)
 c - a +1 hat (worn)
 i - a +0 scale mail
Jewellery
 o - a ring of wizardry (left hand)
Wands
 m - a wand of iceblast (4)
Scrolls
 n - a scroll of identify
 q - a scroll of enchant armour
 r - a scroll of fog
Potions
 l - 3 potions of might


   Skills:
 + Level 3.3 Throwing
 - Level 2.1 Dodging
 - Level 3.0 Stealth
 - Level 3.0 Spellcasting
 - Level 0.6 Conjurations
 - Level 5.0 Hexes
 - Level 1.0 Summonings
 - Level 0.7 Translocations


You had 7 spell levels left.
You knew the following spells:

 Your Spells              Type           Power      Damage    Failure   Level
a - Magic Dart            Conj           16%        1d3       6%          1
z - Slow                  Hex            19%        N/A       1%          2

Your spell library contained the following spells:

 Spells                   Type           Power      Damage    Failure   Level
 Call Imp                 Summ           5%         N/A       7%          2
 Blink                    Tloc           N/A        N/A       9%          2
 Conjure Flame            Conj/Fire      3%         6-21      19%         3
 Mephitic Cloud           Conj/Pois/Air  3%         N/A       19%         3


Dungeon Overview and Level Annotations

Branches:
Dungeon (3/15)              Sewer (1/1)

Altars:
Hepliaklqana
Qazlal
Sif Muna
Trog
Zin


Innate Abilities, Weirdness & Mutations

Your natural rate of healing is accelerated.
You have razor-sharp teeth.
You have supernaturally acute eyesight. (SInv)
You are afflicted with vampirism and can become a bat while bloodless.
Your muscles are strong. (Str +2)


Message History

You feel very sick.
The kobold throws a stone.
The stone completely misses you.
You feel very sick.
You feel very sick.
As you read the scroll labelled GEIPODUHIO, it crumbles to dust.
It is a scroll of enchant armour.
Your +0 hat glows green for a moment.
You feel sick.
As you read the scroll labelled KIM GA NYK, it crumbles to dust.
It is a scroll of identify.
r - a scroll of fog You feel sick.
The kobold throws a stone.
The stone closely misses you.
As you read the scroll labelled YLEDYI TISUCEAH, it crumbles to dust.
It is a scroll of brand weapon.
Your +0 long sword acquires a faint afterimage.
f - a +0 spectral long sword (weapon)
You feel sick.
As you read the scroll labelled SITAGA JAODDE, it crumbles to dust.
It is a scroll of enchant weapon.
Your +0 spectral long sword glows red for a moment.
You feel sick.
You are no longer poisoned.
As you read the scroll labelled NAEFAL PEONAI, it crumbles to dust.
Magic quickly surges around you.
It was a scroll of vulnerability.
The kobold brigand misses you.
As you read the scroll labelled QOGELU DUPHI, it crumbles to dust.
You hear a loud clanging noise!
It was a scroll of noise.
You hear a shout!
You hear an angry hiss.
The kobold hits you with a +0 dagger.
* * * LOW HITPOINT WARNING * * *
The kobold brigand completely misses you.
The kobold hits you with a +0 dagger.
* * * LOW HITPOINT WARNING * * *
The kobold brigand hits you with a +0 dagger.
* * * LOW HITPOINT WARNING * * *
Unknown command.
It was a potion of mutation.
You feel extremely strange.
You feel stronger. The kobold hits you with a +0 dagger.
You die...

.?.. ≈K≈
.K# #.# #.#
#.# ##.##
##..K## ##
≈####.≈≈K@#
≈≈
.≈≈≈≈...≈≈#
≈#
.####≈..≈≈#
.≈≈ ##.≈≈##
#≈# ##≈##
#≈# #≈# #≈#
#≈# #≈# #≈#
##≈## ##†##


You could see a kobold brigand (weak-willed) and a kobold (weak-willed).

Vanquished Creatures
  An orc priest (D:3)
  Terence (D:2)
  2 river rats (Sewer)
  5 adders
  2 worms
  A dart slug (D:3)
  3 orcs
  8 bats
  7 endoplasms
  3 giant cockroaches
  4 goblins
  2 hobgoblins
  20 jackals
  8 kobolds
  9 ball pythons
  3 frilled lizards
  9 rats
88 creatures vanquished.

Vanquished Creatures (others)
  3 demonic plants (D:2)
  2 fungi (D:2)
  A plant (D:2)
6 creatures vanquished.

Grand Total: 94 creatures vanquished

Notes
Turn   | Place    | Note
-------+----------+-------------------------------------------
     0 | D:1      | SnakkuSnakku7 the Vampire Hedge Wizard began the quest for
                  | the Orb.
     0 | D:1      | Reached XP level 1. HP: 13/13 MP: 4/4
   140 | D:1      | Reached skill level 1 in Hexes
   323 | D:1      | Reached XP level 2. HP: 17/19 MP: 6/6
   344 | D:1      | Learned a level 2 spell: Slow
   361 | D:1      | Reached skill level 2 in Hexes
   398 | D:1      | Reached skill level 1 in Throwing
   711 | D:1      | Gained mutation: You are afflicted with vampirism and can
                  | become a bat while bloodless. [Vampire growth]
   711 | D:1      | Reached XP level 3. HP: 24/24 MP: 7/7
   778 | D:1      | Reached skill level 3 in Hexes
  1073 | D:2      | Noticed Terence
  1093 | D:2      | Killed Terence
  1094 | D:2      | Reached XP level 4. HP: 30/30 MP: 6/8
  1107 | D:2      | Reached skill level 4 in Hexes
  1439 | D:2      | Found a faded altar of an unknown god.
  1722 | D:3      | Found a bloodstained altar of Trog.
  1725 | D:3      | Found a shimmering blue altar of Sif Muna.
  2309 | D:3      | Reached XP level 5. HP: 8/35 MP: 9/9
  2417 | D:3      | Found a stormy altar of Qazlal.
  2419 | D:3      | Found a hazy altar of Hepliaklqana.
  2468 | D:3      | You fall into a shaft and drop 1 floor!
  2468 | D:4      | Found a glowing drain.
  2496 | D:4      | Reached skill level 5 in Hexes
  2570 | Sewer    | Entered a sewer
  2949 | Sewer    | HP: 1/35 [kobold brigand (2)]
  2950 | Sewer    | Gained mutation: Your muscles are strong. (Str +2) [potion
                  | of mutation]
  2950 | Sewer    | Slain by a kobold

Illustrated notes

Levels and vault maps discovered:
D:1:      dpeg_arrival_arbitrary_b, layout_loops_cross
D:2:      layout_loops_ring, shapermc_ecumenical_altar_gd, st_stairs_3,
          uniq_terence
D:3:      layout_basic, grunt_temple_overflow_open, minmay_guardbox
D:4:      layout_basic, cheibrodos_sewer_entry_bend
Sewer:    sewer_co_15_rooms

Skill      XL: |  1  2  3  4  5 |
---------------+----------------+-----
Hexes          | 1 2 3 4 5 |  5.0
Throwing       | 1 2 3 |  3.3
Dodging        | |  2.1
Stealth        | |  3.0
Spellcasting   | |  3.0
Conjurations   | |  0.6
Summonings     | |  1.0
Translocations | |  0.7

Action                   |  1- 3 |  4- 6 || total
-------------------------+-------+-------++-------
Melee: Dagger            |    28 |       ||    28
       Long sword        |   105 |   143 ||   248
       Bite              |    10 |    11 ||    21
Throw: Dart              |       |    18 ||    18
 Cast: Slow              |     6 |    13 ||    19
       Magic Dart        |     5 |       ||     5
  Use: Scroll            |       |     6 ||     6
       Potion            |       |     4 ||     4
 Stab: Sleeping          |    10 |     2 ||    12
Armor: Robe              |    32 |    36 ||    68
Dodge: Dodged            |   133 |   121 ||   254
       Rpst.: Long sword |    42 |    38 ||    80
